 Dungeon Crawl Stone Soup version 0.29-a0-414-g5075937ec3 (webtiles) character file.

Game seed: 9132524456718869135

2 purpskrrrp the Sneak (level 1, -1/22 HPs)
             Began as a Troll Delver on May 15, 2022.
             Slain by a gnoll
             ... wielding a +0 flail
              (3 damage)
             ... on level 3 of the Dungeon.
             The game lasted 00:01:36 (192 turns).

purpskrrrp the Sneak (Troll Delver)                  Turns: 192, Time: 00:01:37

Health: -1/22      AC:  4    Str: 19    XL:     1   Next: 33%
Magic:  0/0        EV:  9    Int:  6    God:
Gold:   12         SH:  0    Dex: 11    Spells: 0/0 levels left

rFire   . . .      SeeInvis .   h - +2 hand axe (venom)
rCold   . . .      Faith    .   (no shield)
rNeg    . . .      Spirit   .   b - +0 robe
rPois   .          Reflect  .   (helmet restricted)
rElec   .          Harm     .   (no cloak)
rCorr   .          Rampage  .   (gloves unavailable)
Will    .....                   (boots unavailable)
Stlth   ++........              (no amulet)
HPRegen 0.87/turn               (no ring)
MPRegen 0.07/turn               (no ring)

@: no status effects
A: large, unfitting armour, claws 3, regeneration 1, shaggy fur 1, tough skin 1
a: no special abilities


You were on level 3 of the Dungeon.
You visited 1 branch of the dungeon, and saw 3 of its levels.

You collected 12 gold pieces.

Inventory:

Hand Weapons
 a - a +0 falchion
 h - a +2 hand axe of venom (weapon)
Armour
 b - a +0 robe (worn)
Wands
 g - a wand of digging (3)
Scrolls
 c - a scroll of fog
 e - a scroll of fear
 l - a scroll of teleportation {unknown}
Potions
 f - a potion of haste
 i - a potion of heal wounds {unknown}
 j - a potion of might {unknown}
 k - a potion of attraction {unknown}


   Skills:
 + Level 2.4 Fighting
 + Level 1.5 Long Blades
 + Level 1.5 Dodging
 + Level 2.8 Stealth


You couldn't memorise any spells.
You didn't know any spells.
Your spell library was empty.

Dungeon Overview and Level Annotations

Branches:
Dungeon (5/15)
 Temple: D:4-7

Altars:

Shops:
D:5 [

Annotations:
D:3 Grinder


Innate Abilities, Weirdness & Mutations

You are too large for most types of armour.
You have claws for hands.
Your natural rate of healing is unusually fast.
You are covered in fur. (AC +1)
You have tough skin. (AC +1)


Message History

Found a stone staircase leading up.
l - a scroll labelled AHIGAC JEFF
Found a stone staircase leading up.
There is a stone staircase leading up here.
There is a stone staircase leading up here.
You climb upwards.
The frilled lizard hisses angrily.
There is a stone staircase leading down here.
The frilled lizard misses you.
Found a leather armour.
Grinder shouts!
A kobold comes into view. It is wielding a +0 dagger.
As you read the scroll of magic mapping, it crumbles to dust.
You feel aware of your surroundings.
Grinder blinks!
The frilled lizard bites you.
The frilled lizard attacks as you move away!
The frilled lizard barely misses you.
The frilled lizard attacks as you move away!
The frilled lizard bites you but does no damage.
The frilled lizard attacks as you move away!
The frilled lizard bites you.
The frilled lizard attacks as you move away!
The frilled lizard bites you but does no damage.
You closely miss the frilled lizard. The frilled lizard barely misses you.
You slash the frilled lizard!
You kill the frilled lizard!
A gnoll comes into view. It is wielding a +0 flail.
A gnoll comes into view. It is wielding a +0 halberd.
The gnoll shouts!
You hear a shout!
A gnoll comes into view. It is wielding a +0 flail.
The gnoll shouts!
A gnoll comes into view. It is wielding a +0 whip.
The gnoll hits you with a +0 flail!
You barely miss the gnoll.
The gnoll shouts!
The gnoll hits you from afar with a +0 halberd!
Ouch! That really hurt!
* * * LOW HITPOINT WARNING * * *
The gnoll hits you with a +0 flail.
You die...

,**,,,,*******..#* ##5#
#....
,*,,,,,,,,,,,,,#.#*
##.## ###..
,*,,,,,*******,*#.###.##
##.
,*,,,,,*******,**#.#5##
#. ,*,,,,,,,,,,,,,*
*#.## #.
,*,,,,,*****#,,* #.# #.
,*,,,,,,,,,,#.,* #.# *#.
,,<,,,,**##.#..####.#
*,.
**,,,,,,,..g.ggg@...#
*,, *,,,*,,,...#.#######
*,, *,,,,,*,,,,*,* *,,
**,,****,****,********
**, ,,,,*
*,,,>,,,,,,,,,* *, ***,*
**,****,******,* *,
*,***,,,***,* *,* *,
***,**,,,,,**,* *,* *,
<,,,,,,,,,,,,,* *,* *,


You could see 4 gnolls.

Vanquished Creatures
  An orc (D:5)
  A frilled lizard (D:3)
2 creatures vanquished.

Notes
Turn   | Place    | Note
-------+----------+-------------------------------------------
     0 | D:5      | purpskrrrp the Troll Delver began the quest for the Orb.
     0 | D:5      | Reached XP level 1. HP: 22/22 MP: 0/0
   128 | D:5      | Found Sudoteath's Antique Armour Shop.
   163 | D:3      | Noticed Grinder
   192 | D:3      | Slain by a gnoll

Illustrated notes

Levels and vault maps discovered:
D:3:      minmay_chambers_of_threes, layout_loops_ring, uniq_grinder
D:4:      nicolae_cairo_tiling_very_big, layout_basic, okawaru_gym_becter,
          uniq_menkaure
D:5:      layout_gridville, nicolae_dithmenos_the_darkroom, serial_shops, shop,
          dk_noncrumbling_3

Action                   || total
-------------------------++-------
Melee: Hand axe          ||     3
       Falchion          ||     2
  Use: Scroll            ||     1
Armor: Robe              ||     2
Dodge: Dodged            ||     5

Table legend: (Time is in decaauts)
 A = Elapsed time spent in this place.
 B = Non-inter-level travel time spent in this place.
 C = Inter-level travel time spent in this place.
 D = Time resting spent in this place.
 E = Time spent auto-exploring this place.
 F = Levels seen in this place.
 G = Mean time per level.
                   A        B        C        D        E       F      G
               +--------+--------+--------+--------+--------+-----+--------+
         Total |    192 |    154 |     38 |      0 |    103 |   3 |   64.0 |
       Dungeon |    192 |    154 |     38 |      0 |    103 |   3 |   64.0 |
               +--------+--------+--------+--------+--------+-----+--------+

Top non-repeatable levels by time:
     D:5: 139 daAuts
     D:3: 29 daAuts
     D:4: 23 daAuts
